 Dungeon Crawl Stone Soup version 0.31-a0-826-ga5cc291a1b (webtiles) character file.

Game seed: 3204514037107066079

821 qw the Skirmisher (level 7, -1/44 HPs)
             Began as a Gargoyle Hunter on Sept 23, 2023.
             Slain by a gnoll
             ... wielding a +0 spear
             ... led by a gnoll bouda
              (5 damage)
             ... on level 5 of the Dungeon.
             The game lasted 00:01:18 (3711 turns).

qw the Skirmisher (Gargoyle Hunter)                 Turns: 3711, Time: 00:01:18

Health: -1/44      AC: 10    Str: 15    XL:     7   Next: 95%
Magic:  7/7        EV: 11    Int:  9    God:
Gold:   168        SH:  0    Dex: 15    Spells: 6/6 levels left

rFire   . . .        c - +0 orcbow
rCold   . . .        (shield currently unavailable)
rNeg    + . .        g - +0 ring mail
rPois   inf          (no helmet)
rElec   +            (no cloak)
rCorr   .            (no gloves)
SInv    +            (no boots)
Will    .....        (no amulet)
Stlth   +            d - ring of see invisible
HPRegen 0.27/turn    (no ring)
MPRegen 0.10/turn

%: no passive effects
@: about to teleport
A: sickness immunity, AC +4, negative energy resistance 1, electricity
resistance, torment resistance 1, petrification resistance
a: no special abilities


You were on level 5 of the Dungeon.
You visited 1 branch of the dungeon, and saw 5 of its levels.

You collected 168 gold pieces.


Innate Abilities, Weirdness & Mutations

You are immune to sickness and miasma.
Your stone body is resilient. (AC +4)
You are immune to poison.
You resist negative energy. (rN+)
You are resistant to electric shocks. (rElec)
You are resistant to unholy torment.
You are immune to petrification.


   Skills:
 - Level 5.3 Fighting
 - Level 8.1 Ranged Weapons
 - Level 1.6 Armour
 + Level 1.6 Dodging
 - Level 1.1 Stealth


You had 6 spell levels left.
You didn't know any spells.
Your spell library was empty.

Inventory:

Hand Weapons
 c - a +0 orcbow (weapon)
Armour
 g - a +0 ring mail (worn)
Jewellery
 d - a ring of see invisible (left hand)
Scrolls
 i - a scroll of identify
Potions
 b - a potion of haste
 e - a potion of might {unknown}
 f - a potion of ambrosia {unknown}
 j - a potion of brilliance {unknown}

Dungeon Overview and Level Annotations

Branches:
Dungeon (5/15)
 Temple: D:4-7

Altars:
Ashenzari
Trog

Shops:
D:1 ?(*

Annotations:
D:3 2 transporters


Message History

The gnoll attacks as it pursues you! The gnoll closely misses you.
The gnoll barely misses you.
You shoot an arrow. The arrow hits the gnoll!
The gnoll is heavily wounded.
The gnoll bouda calls upon its god to heal the gnoll.
The gnoll is healed somewhat.
The gnoll hits you from afar with a +0 spear.
You shoot an arrow.
The arrow hits the gnoll but does no damage.
The gnoll is lightly wounded.
You shoot an arrow.
The arrow barely misses the gnoll bouda.
The arrow hits the gnoll!
The gnoll is severely wounded.
Your attacks no longer feel as feeble.
The gnoll bouda calls upon its god to heal the gnoll.
The gnoll is healed somewhat.
You shoot an arrow.
The arrow hits the gnoll bouda but does no damage.
You shoot an arrow.
The arrow hits the gnoll bouda but does no damage.
The gnoll hits you but does no damage.
The gnoll bouda calls upon its god to heal the gnoll.
The gnoll's wounds heal themselves!
You shoot an arrow.
The arrow barely misses the gnoll bouda.
The arrow hits the gnoll but does no damage.
The gnoll hits you from afar with a +0 spear.
The gnoll bouda hits you with a +0 club!
3710 ||| READING scroll of teleportation.
As you read the scroll of teleportation, it crumbles to dust.
You feel strangely unstable.
The gnoll hits you from afar with a +0 spear.
The gnoll bouda hits you but does no damage.
You shoot an arrow. The arrow hits the gnoll bouda!
The gnoll bouda is heavily wounded.
The gnoll is no longer moving quickly.
The gnoll misses you.
The gnoll bouda hits you with a +0 club.
The gnoll hits you from afar with a +0 spear.
You die...

#.. #...
#..##..#
#......#
#......#
..<#....####.##
##.gg....>..
#.#g####.##
#.#g# #.#@#
#.#.# ..#.#
..... #....
##.## #.# #..


You could see a gnoll bouda and 3 gnolls.

Vanquished Creatures
  Sigmund (D:2)
  2 centaurs (D:5)
  2 ogres (D:5)
  A phantom (D:4)
  A howler monkey (D:4)
  A jelly (D:4)
  An orc wizard (D:4)
  7 adders
  3 worms
  3 dart slugs
  5 orcs
  3 ball pythons
  6 bats
  4 endoplasms
  4 giant cockroaches
  16 goblins
  6 hobgoblins
  4 jackals (D:4)
  5 quokkas
  8 frilled lizards
  7 kobolds
  6 rats
96 creatures vanquished.

Notes
Turn   | Place    | Note
-------+----------+-------------------------------------------
     0 | D:1      | qw the Gargoyle Hunter began the quest for the Orb.
     0 | D:1      | Reached XP level 1. HP: 12/12 MP: 1/1
     0 | D:1      | 0 ||| qw: Version: 0.3-a-83-gcd0e7d8
     0 | D:1      | 0 ||| qw: Game counter: 1913
     0 | D:1      | 0 ||| qw: Melee chars always use a shield: true
     0 | D:1      | 0 ||| qw: God list: Okawaru
     0 | D:1      | 0 ||| qw: Allow faded altars: false
     0 | D:1      | 0 ||| qw: Do Orc after clearing Dungeon:15 true
     0 | D:1      | 0 ||| qw: Do second Lair branch before Depths: true
     0 | D:1      | 0 ||| qw: Lair rune preference: random
     0 | D:1      | 0 ||| qw: Goals: Normal
     0 | D:1      | 0 ||| PLANNING D:1-11
    65 | D:1      | Found Riex's Weapon Boutique.
   152 | D:1      | Reached XP level 2. HP: 17/17 MP: 2/2
   154 | D:1      | Found Zexin's General Store.
   162 | D:1      | 162 ||| SHOPLISTING +0 helmet (58 gold, have 5).
   162 | D:1      | 162 ||| SHOPLISTING scroll of identify (26 gold, have 5).
   219 | D:1      | Found Ompeeffoa's Magic Scroll Boutique.
   229 | D:1      | 229 ||| SHOPLISTING scroll of enchant weapon (75 gold, have
                  | 14).
   229 | D:1      | 229 ||| SHOPLISTING scroll of identify (20 gold, have 14).
   229 | D:1      | 229 ||| SHOPLISTING scroll of teleportation (30 gold, have
                  | 14).
   293 | D:1      | Reached XP level 3. HP: 10/21 MP: 3/3
   387 | D:1      | Found a faded altar of an unknown god.
   476 | D:1      | Reached skill level 5 in Ranged Weapons
   709 | D:1      | 709 ||| UPGRADING to ring of see invisible.
   710 | D:1      | 710 ||| READING scroll labelled XIPIET MASSIO.
   714 | D:1      | 714 ||| READING scroll labelled OPPIWN ETTALL.
   715 | D:1      | 715 ||| READING scroll labelled TUYRUA SUUP.
   716 | D:1      | 716 ||| READING scroll labelled CAPNAV QUFENK.
   717 | D:1      | 717 ||| READING 2 scrolls labelled GINUTE EHOMOI.
   718 | D:1      | 718 ||| DRINKING 2 viscous puce potions.
   746 | D:1      | 746 ||| DROPPING scroll of butterflies.
   747 | D:1      | 747 ||| DROPPING potion of lignification.
   937 | D:2      | Found a broken altar of Ashenzari.
   974 | D:2      | Noticed Sigmund
   978 | D:2      | Killed Sigmund
   979 | D:2      | Reached XP level 4. HP: 25/31 MP: 4/4
   979 | D:2      | Reached XP level 5. HP: 28/35 MP: 5/5
  1416 | D:2      | 1416 ||| DROPPING ring of flight.
  1417 | D:2      | 1417 ||| READING 2 scrolls of identify.
  1417 | D:2      | 1417 ||| IDENTIFYING bubbling black potion
  1503 | D:3      | Reached XP level 6. HP: 40/40 MP: 6/6
  1510 | D:3      | Found a transporter.
  1525 | D:3      | Noticed a kobold demonologist
  1902 | D:3      | Found a transporter.
  2005 | D:3      | Found a bloodstained altar of Trog.
  2250 | D:3      | 2250 ||| UPGRADING to +0 ring mail.
  2260 | D:3      | 2260 ||| DROPPING +0 leather armour.
  2330 | D:4      | Reached skill level 1 in Armour
  2450 | D:4      | Reached skill level 6 in Ranged Weapons
  2669 | D:4      | HP: 8/40 [frozen (3)]
  2670 | D:4      | 2670 ||| READING 2 scrolls of teleportation.
  2673 | D:4      | Reached XP level 7. HP: 7/44 MP: 7/7
  3260 | D:4      | 3260 ||| DROPPING ring of wizardry.
  3261 | D:4      | 3261 ||| READING scroll labelled YDENNO ERERCH.
  3262 | D:4      | 3262 ||| READING scroll labelled SUFERI PUACKE.
  3289 | D:5      | Entered Level 5 of the Dungeon
  3296 | D:5      | Reached skill level 7 in Ranged Weapons
  3304 | D:5      | 3304 ||| STAIRDANCE
  3515 | D:5      | Reached skill level 8 in Ranged Weapons
  3608 | D:5      | 3608 ||| SWAPPING to +0 orcbow.
  3609 | D:5      | 3609 ||| DROPPING +0 shortbow of draining.
  3699 | D:5      | 3699 ||| Stepping ~*~*~tactically~*~*~ (retreating).
  3700 | D:5      | 3700 ||| Stepping ~*~*~tactically~*~*~ (retreating).
  3701 | D:5      | 3701 ||| Stepping ~*~*~tactically~*~*~ (retreating).
  3702 | D:5      | 3702 ||| Stepping ~*~*~tactically~*~*~ (retreating).
  3703 | D:5      | 3703 ||| Stepping ~*~*~tactically~*~*~ (retreating).
  3709 | D:5      | HP: 10/44 [gnoll bouda/+0 club (9)]
  3710 | D:5      | 3710 ||| READING scroll of teleportation.
  3711 | D:5      | HP: 4/44 [gnoll bouda/+0 club (4)]
  3711 | D:5      | Slain by a gnoll

Levels and vault maps discovered:
D:1:      sevenhm_arrival_forest_fort_large_2, layout_loops_cross,
          shapermc_ecumenical_altar_totnotflames, serial_shops,
          nicolae_shop_behind_doors, shop, shop, corexii_hall_statues_deadend
D:2:      layout_loops_ring, basic_altar, serial_forest,
          infiniplex_forest_clump_tiny, infiniplex_forest_clump_small,
          infiniplex_forest_lined_room_, infiniplex_forest_clump_diagonal,
          uniq_sigmund
D:3:      gammafunk_wand_slinger, layout_basic, trog_butcher_becter
D:4:      corexii_shack_village, layout_basic
D:5:      layout_loops_ring, ebering_ghost_disaster_area,
          ebering_dispersal_statue_hall

Skill      XL: |  1  2  3  4  5  6  7 |
---------------+----------------------+-----
Ranged Weapons | 5 6 8 |  8.1
Fighting       | 5 |  5.3
Armour         | 1 |  1.6
Dodging        | |  1.6
Stealth        | |  1.1

Action                     |  1- 3 |  4- 6 |  7- 9 || total
---------------------------+-------+-------+-------++-------
   Fire: Shortbow          |    69 |   175 |    36 ||   280
         Orcbow            |       |       |    11 ||    11
    Use: Scroll            |     5 |     2 |     3 ||    10
         Potion            |     1 |       |       ||     1
 Armour: Leather armour    |    16 |    29 |       ||    45
         Ring mail         |       |    49 |    30 ||    79
  Dodge: Dodged            |    21 |    71 |    19 ||   111

Table legend:
 A = Non-vault XP
 B = Vault XP
 C = Vault XP percentage of total XP
 D = Non-vault monster count
 E = Vault monster count
 F = Vault count percentage of total count
                 A         B        C        D         E       F
            +---------+---------+-------+---------+---------+-------
      Total |     938 |     235 |  20.0 |      82 |      14 |  14.6
            +---------+---------+-------+---------+---------+-------
        D:1 |      43 |       0 |   0.0 |      21 |       0 |   0.0
        D:2 |      59 |     214 |  78.4 |      20 |       1 |   4.8
        D:3 |      67 |       6 |   8.2 |      18 |       4 |  18.2
        D:4 |     278 |      15 |   5.1 |      18 |       9 |  33.3
        D:5 |     491 |       0 |   0.0 |       5 |       0 |   0.0
            +---------+---------+-------+---------+---------+-------
